Map: [ESL] Moondance

Players

AqueroN

  • Race: Terran Terran
  • Spawn Location: 12:00

Lambo - Winner!

  • Race: Zerg Zerg
  • Spawn Location: 6:00

Event: DreamHack SC2 Masters 2022 Atlanta (Online)

VOD

Have the link to the VOD?

Description

Time

  • Played on: Oct. 2, 2022, 1:51 p.m.
  • Length: 6:11

All games in this series

Show
View Real Time Build Order
Export as new Build Order

AqueroN Terran 

Build Orders: Reaper Expand 

Get SALT Encoding   

  12  0:00  SCV  
  13  0:12  SCV  
  14  0:17  Supply Depot  
  14  0:24  SCV  
  15  0:39  SCV  
  15  0:40  Barracks  
  16  0:46  Refinery  
  16  0:51  SCV  
  17  1:03  SCV  
  18  1:15  SCV  
  19  1:27  Orbital Command  
  19  1:29  Reaper  
  20  1:44  Command Center  
  20  1:52  SCV  
  21  1:55  Supply Depot  
  21  2:02  Barracks Reactor  
  21  2:04  SCV  
  22  2:10  Barracks  
  22  2:16  SCV  
  22  2:20  Barracks  
  23  2:28  Barracks  
  24  2:30  SCV  
  24  2:39  Marine x2  
  24  2:42  SCV  
  27  2:47  Barracks  
  27  2:56  Marine  
  27  2:57  Marine  
  29  2:59  Orbital Command  
  29  3:03  Barracks Tech Lab  
  29  3:09  Barracks Tech Lab  
  29  3:11  SCV  
  30  3:14  Marine x2  
  30  3:19  Marine  
  33  3:23  Stimpack, Marine  
  34  3:28  Marine  
  34  3:33  Marine x2  
  37  3:34  Marine  
  37  3:37  Marine  
  37  3:40  Combat Shield  
  39  3:41  Marine  
  39  3:46  Marine  
  41  3:50  Supply Depot  
  41  3:51  Marine x2  
  41  3:53  Marine  
  41  3:55  Marine  
  45  3:59  Marine  
  46  4:11  Marine x4  
  46  4:12  Marine  
  51  4:17  Marine  
  52  4:29  Marine x3  
  54  4:34  Marine x2  
  54  4:35  Marine  
  57  4:47  Marine x3  
  57  4:52  Marine x3  
  56  5:05  Marine x3  
  46  5:10  Marine x3  
  38  5:22  Marine x3  
  38  5:28  Marine x3  
  33  5:40  Marine x2  
  33  5:42  Marine  
  32  5:46  Marine x2  
  32  5:48  Marine  
Show
View Real Time Build Order
Export as new Build Order

Lambo Zerg - Winner!

Build Orders: Pool First 

Get SALT Encoding   

  12  0:00  Drone  
  13  0:12  Overlord  
  13  0:17  Drone  
  14  0:30  Drone x2  
  14  0:34  Drone  
  17  0:43  Spawning Pool  
  17  0:46  Drone  
  17  0:56  Drone  
  18  1:13  Hatchery  
  18  1:17  Drone  
  18  1:20  Extractor  
  17  1:29  Zergling x4  
  19  1:34  Queen  
  21  1:41  Overlord  
  21  1:49  Drone  
  22  2:08  Drone  
  23  2:10  Queen  
  23  2:11  Drone  
  26  2:19  Hatchery  
  25  2:27  Drone x2  
  27  2:33  Drone  
  27  2:36  Drone  
  29  2:42  Drone x2  
  30  2:46  Drone  
  30  2:48  Overlord  
  31  2:55  Queen  
  33  3:01  Metabolic Boost  
  33  3:03  Drone  
  34  3:08  Drone x2  
  36  3:13  Queen  
  38  3:20  Drone x2  
  38  3:21  Drone x2  
  38  3:23  Drone  
  43  3:27  Zergling x2  
  43  3:31  Queen  
  45  3:34  Overlord  
  45  3:43  Queen  
  45  3:45  Overlord  
  45  3:46  Drone  
  45  3:48  Drone  
  49  3:58  Drone x5  
  49  3:59  Drone x2  
  56  4:04  Queen  
  56  4:06  Drone  
  59  4:10  Drone x3  
  59  4:15  Baneling Nest  
  61  4:18  Queen  
  61  4:21  Drone  
  64  4:27  Drone  
  64  4:28  Overlord  
  65  4:31  Overlord  
  65  4:36  Extractor  
  64  4:39  Overlord  
  64  4:48  Zergling x2  
  64  4:49  Queen  
  67  4:53  Zergling x14  
  64  5:00  Zergling x10  
  64  5:05  Zergling x2  
  60  5:10  Zergling x2  
  60  5:11  Zergling x2  
  56  5:14  Zergling x2  
  56  5:18  Zergling x2  
  53  5:22  Zergling x4  
  53  5:28  Zergling x8  
  49  5:35  Zergling x2  
  49  5:36  Zergling x2  
  49  5:42  Zergling x4  
  53  5:48  Zergling x6  
  54  5:54  Zergling x2  
Tags
 
Add a new tag
Caveats
  • Supply blocks, unpowered buildings, or Contaminate may cause inaccurate times.
  • Supply counts are checked every 10 seconds.